 Dungeon Crawl Stone Soup version 0.24.1-8-ga250c9d538 (webtiles) character file.

Game seed: 7883338389979807125, levelgen mode: deterministic

5777 Granthy the Severer (level 10, -8/115 HPs)
             Began as a Hill Orc Fighter on May 9, 2020.
             Was a Believer of Makhleb.
             Killed by divine providence
             ... invoked by an orc priest
              (12 damage)
             ... on level 10 of the Dungeon.
             The game lasted 00:27:16 (11530 turns).

Granthy the Severer (Hill Orc Fighter)             Turns: 11530, Time: 00:27:18

Health: -8/115     AC: 25    Str: 20 (23) XL:     10   Next: 78%
Magic:  10/10      EV:  2    Int:  5 (8)  God:    Makhleb [**....]
Gold:   445        SH:  9    Dex: 10      Spells: 9/9 levels left

rFire    . . .     SeeInvis .   A - +2 broad axe (elec)
rCold    . . .     Gourm    .   c - +0 shield
rNeg     + + +     Faith    .   (armour currently unavailable)
rPois    +         Spirit   .   (helmet currently unavailable)
rElec    .         Reflect  .   (cloak currently unavailable)
rCorr    .         Harm     .   (gloves currently unavailable)
MR       .....     NoTele   +   (boots currently unavailable)
Stlth    +.........             (no amulet)
HPRegen  0.29/turn              (no ring)
MPRegen  0.12/turn              (no ring)

@: lethally poisoned (-8 -> -12), tree-form, slowed, very slow
A: blurry vision 1, deterioration 1, MP-powered wands
a: Minor Destruction, Renounce Religion, Convert to Beogh


You were on level 10 of the Dungeon.
You worshipped Makhleb.
Makhleb was pleased with you.
You were hungry.
You were a tree.
You visited 2 branches of the dungeon, and saw 11 of its levels.

You collected 445 gold pieces.

Inventory:

Hand Weapons
 a - a +0 war axe
 p - a +6 vampiric halberd
 x - a +0 quarterstaff of speed
 A - a +2 broad axe of electrocution (weapon)
Armour
 b - a +1 scale mail (melded)
 c - a +0 shield (worn)
 h - a +2 robe of positive energy
 j - a +1 hat (melded)
 k - a +2 pair of gloves (melded)
 q - a cursed +0 pair of gloves
 F - a +0 cloak (melded)
Jewellery
 g - an uncursed ring of resist corrosion
 o - an uncursed ring of flight
 t - an uncursed amulet of magic regeneration
 y - a cursed ring of attention {unknown}
 D - an uncursed ring of poison resistance {unknown}
Wands
 l - a wand of acid (9)
 u - a wand of random effects (7)
 v - a wand of paralysis (28)
 w - a wand of flame (6)
Scrolls
 e - 3 scrolls of immolation
 i - 2 scrolls of enchant armour
 n - 4 scrolls of remove curse
 r - 2 scrolls of magic mapping
 s - 3 scrolls of identify
 C - a scroll of teleportation
Potions
 m - 2 potions of invisibility
 B - a potion of flight
Comestibles
 f - 14 rations
 E - 2 chunks of flesh


   Skills:
 - Level 3.6 Fighting
 + Level 18.7 Axes
 - Level 3.2 Armour
 - Level 0.3 Dodging
 - Level 0.2 Stealth
 - Level 3.2 Shields


You had 9 spell levels left.
You didn't know any spells.
Your spell library contained the following spells:

 Spells                   Type           Power        Failure   Level  Hunger
 Beastly Appendage        Tmut           #.....       94%         1    ##.....
 Magic Dart               Conj           #...         94%         1    ##.....
 Blink                    Tloc           N/A          98%         2    ###....
 Call Imp                 Summ           #.......     98%         2    ###....
 Slow                     Hex            #.......     98%         2    ###....
 Sticks to Snakes         Tmut           #.......     98%         2    ###....
 Conjure Flame            Conj/Fire      #.......     100%        3    ####...
 Mephitic Cloud           Conj/Pois/Air  #.......     100%        3    ####...
 Spider Form              Tmut/Pois      #.........   100%        3    ####...
 Ice Form                 Ice/Tmut       #.......     100%        4    #####..
 Blade Hands              Tmut           #.........   100%        5    ######.


Dungeon Overview and Level Annotations

Branches:
Dungeon (10/15)            Temple (1/1) D:7
   Lair: D:8-11         Orc: D:9-12

Altars:
Ashenzari
Cheibriados
Dithmenos
Elyvilon
Fedhas
Gozag
Hepliaklqana
Kikubaaqudgha
Makhleb
Nemelex Xobeh
Okawaru
Qazlal
Ru
Sif Muna
Trog
Uskayaw
Vehumet
Wu Jian
Xom
Yredelemnul
Zin
The Shining One
Beogh

Shops:
D:4 *   D:5 [

Annotations:
D:5 2 runed translucent doors
D:9 1 runed translucent door, Saltbearer's ghost, novice DESu


Innate Abilities, Weirdness & Mutations

Scrolls take you a little longer to read.
Your body sometimes deteriorates upon taking damage.
You expend magic power (3 MP) to strengthen your wands.


Message History

An orc priest comes into view. It is wielding a +0 flail.
* * * LOW HITPOINT WARNING * * *
You feel sick.
You slash the orc priest!
The orc priest is heavily wounded.
* * * LOW HITPOINT WARNING * * *
You feel sick.
The orc priest hits you but does no damage.
You closely miss the orc priest.
The orc priest is heavily wounded.
* * * LOW HITPOINT WARNING * * *
You feel sick.
The orc priest hits you but does no damage.
You hit the orc priest.
The orc priest is almost dead.
* * * LOW HITPOINT WARNING * * *
You feel sick.
The orc priest invokes the aid of Beogh against you.
Beogh smites you!
You die...

# #. .##$# #########
.$.. #♣†...... #.<
#o#######
####..#########.#
........<.......#
####.........####
#............######
.........)..÷.......
##...#..#####.######
#.. #.[# #.#


You could see an orc priest.

Vanquished Creatures
  A two-headed ogre (D:8)
  Pikel (D:6)
  A manticore (D:9)
  3 trolls (D:9)
  A hornet (D:10)
  A hippogriff (D:7)
  A wraith (D:5)
  5 orc warriors
  An ice beast (D:9)
  A slave (D:6)
  A necrophage (D:9)
  2 sky beasts
  A centaur (D:6)
  Blork the orc (D:6)
  A gnoll sergeant (D:9)
  2 bullfrogs
  2 scorpions
  11 killer bees (D:7)
  8 wights
  2 howler monkeys
  A crimson imp (D:8)
  A bullfrog skeleton (D:7)
  3 hounds
  2 centaur skeletons
  4 orc priests
  4 orc wizards
  2 iguanas
  4 worker ants
  A hound zombie (D:9)
  2 hound skeletons
  A howler monkey zombie (D:5)
  Robin (D:4)
  6 gnolls
  A howler monkey skeleton (D:3)
  8 adders
  7 shadow imps
  2 oozes
  2 adder zombies (D:7)
  3 worms
  3 dart slugs
  A leopard gecko (D:7)
  36 orcs
  4 giant cockroaches
  9 goblins
  11 hobgoblins
  9 jackals
  6 kobolds
  4 quokkas
  6 bats
  5 frilled lizards
  A giant cockroach zombie (D:5)
  A quokka zombie (D:9)
  6 rats
  3 fungi (D:6)
  2 plants (D:6)
209 creatures vanquished.

Vanquished Creatures (others)
  A wizard (D:4)
  A fungus (D:6)
2 creatures vanquished.

Grand Total: 211 creatures vanquished

Notes
Turn   | Place    | Note
-------+----------+-------------------------------------------
     0 | D:1      | Granthy the Hill Orc Fighter began the quest for the Orb.
     0 | D:1      | Reached XP level 1. HP: 19/19 MP: 1/1
    64 | D:1      | Reached skill level 3 in Axes
   209 | D:1      | Reached XP level 2. HP: 17/26 MP: 2/2
   322 | D:1      | Reached skill level 4 in Axes
   899 | D:1      | Reached XP level 3. HP: 31/31 MP: 3/3
  1224 | D:2      | Found a stormy altar of Qazlal.
  1225 | D:2      | Noticed a fire elemental
  1227 | D:2      | Noticed a water elemental
  1227 | D:2      | Noticed an earth elemental
  1227 | D:2      | Noticed an air elemental
  1300 | D:2      | Reached skill level 5 in Axes
  1353 | D:2      | Reached XP level 4. HP: 39/39 MP: 4/4
  1634 | D:2      | Reached skill level 6 in Axes
  2318 | D:3      | Reached XP level 5. HP: 44/45 MP: 5/5
  2369 | D:3      | You fall into a shaft and drop 1 floor!
  2386 | D:4      | Found Ijyvor's General Store.
  2821 | D:3      | Found a sacrificial altar of Ru.
  3052 | D:4      | Reached skill level 7 in Axes
  3319 | D:4      | Noticed Robin
  3333 | D:4      | Killed Robin
  3333 | D:4      | Reached XP level 6. HP: 36/51 MP: 6/6
  3819 | D:4      | Found a bloodstained altar of Trog.
  3822 | D:4      | Noticed a wizard
  3827 | D:4      | Killed a wizard
  4176 | D:4      | Noticed a hippogriff
  4242 | D:5      | Entered Level 5 of the Dungeon
  4242 | D:5      | Found a large runed translucent door.
  4242 | D:5      | Found a large runed translucent door.
  4242 | D:5      | Noticed a wraith
  4363 | D:5      | Noticed a sky beast
  4638 | D:3      | Gained mutation: Your body sometimes deteriorates upon
                  | taking damage. [potion of mutation]
  4638 | D:3      | Gained mutation: You possess an exceptional clarity of
                  | mind. [potion of mutation]
  4661 | D:3      | Lost mutation: You possess an exceptional clarity of mind.
                  | [potion of mutation]
  4661 | D:3      | Lost mutation: Your body sometimes deteriorates upon taking
                  | damage. [potion of mutation]
  4661 | D:3      | Gained mutation: Your body sometimes deteriorates upon
                  | taking damage. [potion of mutation]
  4661 | D:3      | Gained mutation: Scrolls take you a little longer to read.
                  | [potion of mutation]
  4661 | D:3      | Gained mutation: You expend magic power (3 MP) to
                  | strengthen your wands. [potion of mutation]
  4757 | D:5      | Killed a sky beast
  4757 | D:5      | Reached skill level 8 in Axes
  4827 | D:5      | Found a large runed translucent door.
  4827 | D:5      | Found a large runed translucent door.
  4840 | D:5      | Found Diowiox's Armour Emporium.
  4942 | D:5      | Reached skill level 9 in Axes
  5138 | D:5      | Found a white marble altar of Elyvilon.
  5139 | D:5      | Found a hide-covered altar of Uskayaw.
  5139 | D:5      | Found a blossoming altar of Fedhas.
  5230 | D:5      | Noticed an orc warrior
  5266 | D:5      | Killed an orc warrior
  5266 | D:5      | Reached XP level 7. HP: 18/57 MP: 7/7
  5714 | D:6      | Found a glowing silver altar of Zin.
  5753 | D:6      | Reached skill level 10 in Axes
  5848 | D:6      | Noticed Pikel
  5856 | D:6      | Killed Pikel
  5856 | D:6      | Reached skill level 12 in Axes
  5856 | D:6      | Reached XP level 8. HP: 54/64 MP: 8/8
  5938 | D:6      | Found a shimmering altar of Xom.
  5939 | D:6      | Found a hazy altar of Hepliaklqana.
  5940 | D:6      | Noticed a spectral ugly thing
  5989 | D:6      | Found a blossoming altar of Fedhas.
  5989 | D:6      | Noticed Blork the orc
  5995 | D:6      | Killed Blork the orc
  6364 | D:5      | Killed a wraith
  6364 | D:5      | Reached skill level 13 in Axes
  7074 | D:7      | Noticed a hippogriff
  7086 | D:7      | Killed a hippogriff
  7086 | D:7      | Reached skill level 14 in Axes
  7086 | D:7      | Reached XP level 9. HP: 59/70 MP: 9/9
  7716 | D:7      | Reached skill level 15 in Axes
  7761 | D:7      | Found a staircase to the Ecumenical Temple.
  8099 | Temple   | Entered the Ecumenical Temple
  8137 | Temple   | Became a worshipper of Makhleb the Destroyer
  8427 | D:8      | Noticed a two-headed ogre
  8437 | D:8      | Killed a two-headed ogre
  8437 | D:8      | Reached skill level 16 in Axes
  8655 | D:8      | Reached XP level 10. HP: 77/77 MP: 10/10
  8694 | D:8      | Found a snail-covered altar of Cheibriados.
  9135 | D:9      | Reached skill level 17 in Axes
  9603 | D:9      | Reached * piety under Makhleb
  9772 | D:9      | Noticed a manticore
  9782 | D:9      | HP: 4/115 [manticore (6)]
  9786 | D:9      | Killed a manticore
  9800 | D:9      | Reached skill level 18 in Axes
 10758 | D:9      | Found a roughly hewn altar of Beogh.
 10887 | D:9      | Found a shattered altar of Ashenzari.
 10889 | D:9      | Found an ancient bone altar of Kikubaaqudgha.
 10916 | D:9      | Found a runed translucent door.
 10917 | D:9      | Found a shimmering altar of Xom.
 10917 | D:9      | Noticed Saltbearer's ghost (novice DESu)
 10918 | D:9      | Noticed a +0 flail of chaos
 11145 | D:9      | Reached ** piety under Makhleb
 11470 | D:10     | Entered Level 10 of the Dungeon
 11504 | D:10     | Paralysed by a hornet for 2 turns
 11520 | D:10     | Paralysed by a hornet for 1 turns
 11528 | D:10     | HP: 5/115 [poisoned by a hornet]
 11530 | D:10     | Killed from afar by an orc priest

Levels and vault maps discovered:
D:1:      dpeg_arrival_leaves_temple_mockup, layout_basic
D:2:      layout_basic, nicolae_qazlal_style_of_elements, minmay_distorted
D:3:      layout_loops_corners, hangedman_ru_absence
D:4:      layout_basic, serial_shops, shop, st_stairs_11,
          kennysheep_pointless_box, trog_wizard, uniq_robin
D:5:      layout_loops_cross, chequers_temple_overflow_statue_of_worship,
          first_ration, serial_shops, shop, minmay_hollow_rounded_squares
D:6:      layout_loops_ring, regret_index_temple_of_mockery, zin_academy,
          fedhas_altar_3, uniq_blork_the_orc, uniq_pikel
D:7:      layout_loops_cross, minmay_temple_entry_junction_2
D:8:      layout_rooms, marbit_many_paths
D:9:      layout_layer_cave, gammafunk_temple_overflow_pools, ebering_ghost_xom,
          special_room [special_room_orc]
D:10:     layout_loops_ring, lair_entry_dummy
Temple:   minmay_temple_bridge_abc

Skill      XL: |  1  2  3  4  5  6  7  8  9 10 |
---------------+-------------------------------+-----
Axes           | 3 4 5 6 7 9 12 14 16 18 | 18.7
Fighting       | |  3.6
Armour         | |  3.2
Dodging        | |  0.3
Stealth        | |  0.2
Shields        | |  3.2

Action                   |  1- 3 |  4- 6 |  7- 9 | 10-12 || total
-------------------------+-------+-------+-------+-------++-------
Melee: War axe           |    93 |   192 |       |       ||   285
       Broad axe         |       |       |   214 |   167 ||   381
  Use: Scroll            |       |     6 |     3 |     5 ||    14
       Potion            |       |     6 |     3 |     8 ||    17
  Eat: Chunk             |     2 |     8 |    11 |     2 ||    23
       Ration            |       |     1 |       |     2 ||     3
Armor: Scale mail        |    53 |    98 |   104 |    34 ||   289
       Skin              |       |       |       |    10 ||    10
Dodge: Dodged            |    35 |    65 |    61 |    33 ||   194
Block: Shield            |    69 |    92 |   113 |    79 ||   353
